 Dungeon Crawl Stone Soup version 0.26.1-11-gd32895ea62 (webtiles) character file.

Game seed: 15180345850669087034

214 phalm the Digger (level 5, -2/28 HPs)
             Began as a Gargoyle Earth Elementalist on Apr 27, 2021.
             Killed from afar by Ijyb (11 damage)
             ... with a bolt of acid
             ... on level 3 of the Dungeon.
             The game lasted 00:08:01 (3801 turns).

phalm the Digger (Gargoyle Earth Elementalist)      Turns: 3801, Time: 00:08:02

Health: -2/28      AC:  4    Str: 12    XL:     5   Next: 91%
Magic:  4/8        EV: 12    Int: 16    God:
Gold:   111        SH:  0    Dex: 10    Spells: 0/9 levels left

rFire    . . .     SeeInvis .   r - +2 dagger (speed)
rCold    . . .     Faith    .   (no shield)
rNeg     + . .     Spirit   .   c - +0 robe
rPois    ∞         Reflect  .   a - +0 helmet
rElec    +         Harm     .   s - +0 cloak
rCorr    .         Rampage  .   (no gloves)
Will     .....                  (no boots)
Stlth    ++........             g - amulet of regeneration
HPRegen  0.49/turn              Z - ring of wizardry
MPRegen  0.11/turn              Y - +4 ring of slaying

@: corroded
A: negative energy resistance 1, electricity resistance, unbreathing,
petrification resistance, miasma immunity, AC +4
a: no special abilities


You were on level 3 of the Dungeon.
You visited 1 branch of the dungeon, and saw 3 of its levels.

You collected 111 gold pieces.


Innate Abilities, Weirdness & Mutations

You are resistant to torment.
Your stone body is resilient. (AC +4)
You are immune to poison.
You resist negative energy. (rN+)
You are resistant to electric shocks. (rElec)
You can survive without breathing.
You are immune to petrification.
You are immune to miasma.


   Skills:
 - Level 1.5 Dodging
 - Level 2.1 Stealth
 + Level 2.6 Spellcasting
 * Level 2.7 Conjurations
 - Level 0.7 Transmutations
 * Level 6.4 Earth Magic


You couldn't memorise any spells.
You knew the following spells:

 Your Spells              Type           Power        Failure   Level
l - Lee's Rapid Deconstr  Erth           11%          16%         5
w - Stone Arrow           Conj/Erth      32%          3%          3
z - Sandblast             Erth           44%          1%          1

Your spell library contained the following spells:

 Spells                   Type           Power        Failure   Level
 Passwall                 Tmut/Erth      10%          2%          2
 Petrify                  Tmut/Erth      13%          17%         4

Inventory:

Hand Weapons
 f - a +0 mace
   (You found it on level 1 of the Dungeon)
 r - a +2 dagger of speed (weapon)
   (You took it off a kobold on level 3 of the Dungeon)
Missiles
 b - 31 stones
 j - 13 poisoned darts
Armour
 a - a +0 helmet (worn)
   (You found it on level 1 of the Dungeon)
 c - a +0 robe (worn)
 s - a +0 cloak (worn)
   (You found it on level 3 of the Dungeon)
Jewellery
 g - an amulet of regeneration (around neck)
   (You found it on level 3 of the Dungeon)
 Q - an uncursed ring of stealth
   (You found it on level 3 of the Dungeon)
 Y - a +4 ring of slaying (right hand)
   (You found it on level 3 of the Dungeon)
 Z - a ring of wizardry (left hand)
   (You found it on level 2 of the Dungeon)
Scrolls
 e - 2 scrolls of enchant weapon {unknown}
 h - 4 scrolls of identify {unknown}
 i - 2 scrolls of remove curse {unknown}
 k - 2 scrolls of random uselessness {unknown}
 n - 2 scrolls of amnesia {unknown}
 o - a scroll of teleportation {unknown}
Potions
 d - 2 potions of resistance {unknown}
 l - a potion of mutation {unknown}
 m - 2 potions of ambrosia {unknown}
 p - 2 potions of might {unknown}
 q - a potion of flight {unknown}
 t - a potion of curing {@q1}

Dungeon Overview and Level Annotations

Branches:
Dungeon (3/15)

Altars:
Gozag

Annotations:
D:3 1 runed translucent door, Crazy Yiuf, Ijyb

##.# #.## ##.. ##.#
#... ### #+# #... ..#
... .($ ###########
..# #...# ..
#.......... ### #.g)#
#. #.##.###### ..#
#####
#g#######.#.#.## #
###
###.@.....>..###.# #
#####
#.....#####.#.#.## #
####...#
#.###.#####.##.######
.......# #
#......#.........
.####..# ###
##########<##.#####.
...##..###8###8###.#
#)##.#####.
...##..#..........##
#..........
......#>..........#
###..#####.
...#.###.####.##..##
#.## #.


You could see Ijyb.


Message History

You kill the jackal!
You hit the jackal. You hit the jackal but do no damage. The jackal misses you.
You closely miss the jackal. The jackal bites you. 😕 HP[-1]
You take 1 damage, and now have 27/28 hp.
A jackal is nearby!
You closely miss the jackal. The jackal barely misses you. 😎 HP[+1]
Your hp is fully restored (28).
You hit the jackal.
You kill the jackal!
An orc comes into view.
Throw: 7 darts (poison)
Press: ? - help, Shift-Dir - straight line, f - orc
Aim: an orc (wandering, hasn't noticed you, 54% to hit)
You throw a poisoned dart. The poisoned dart hits the orc.
The orc shouts!
You start waiting.
An orc is nearby!
Throw: 6 darts (poison)
Press: ? - help, Shift-Dir - straight line, f/p - orc
Aim: an orc (54% to hit)
You throw a poisoned dart.
The poisoned dart barely misses the orc.
You hit the orc. You closely miss the orc. The orc hits you. 😕 HP[-3]
You take 3 damage, and now have 25/28 hp.
You closely miss the orc. The orc misses you.
You hit the orc. You hit the orc.
You kill the orc! 😕 HP[+1]
j - 7 poisoned darts (gained 2)
j - 8 poisoned darts (gained 1)
j - 10 poisoned darts (gained 2)
j - 12 poisoned darts (gained 2)
j - 13 poisoned darts (gained 1)
Found an escape hatch in the floor. 😎 HP[+2]
Your hp is fully restored (28).
j - 14 poisoned darts (gained 1)
There is a stone staircase leading down here.
There is a stone staircase leading down here.
t - a cabochon ring You're wearing all the rings you can.
Remove which one? (? for menu, Esc to cancel) < or
Z - a ring of wizardry; > or
Q - a ring of stealth You remove your ring of stealth.
t - a +4 ring of slaying (right hand);
Y - a +4 ring of slaying (right hand)
You see here a plate armour.
t - a potion of curing {@q1} This spell is potentially lethal to cast!
Memorise Lee's Rapid Deconstruction, consuming 5 spell levels and leaving 0?
You start memorising the spell.
You continue memorising. x5
You finish memorising.
Spell assigned to 'l'.
Okay, then.
Unknown command.
You see here a trident.
There is a stone staircase leading up here.
Things that are here:
a +0 club; a cursed +0 robe; a +0 dagger
There is a stone staircase leading up here.
Ijyb is nearby!
No target in view!
Ijyb is nearby!
Throw: 14 darts (poison)
Press: ? - help, Shift-Dir - straight line, f - Ijyb
Aim: Ijyb, wielding a +1 dagger of venom, wearing a +0 chain mail and carrying a wand of acid (11) (wandering, hasn't noticed you, 60% to hit)
You throw a poisoned dart. The poisoned dart hits Ijyb.
Ijyb is poisoned.
Ijyb shouts!
The blast of sand hits Ijyb but does no damage.
Ijyb zaps a wand.
The bolt of acid hits you! The acid corrodes you!
You are splashed with acid!
* * * LOW HITPOINT WARNING * * *
😨 HP[-20] MP[-1]
You take 20 damage, and now have 8/28 hp.
MASSIVE DAMAGE!! (PAUSE)
You lost 1 mp, and now have 7/8 mp.
Aiming: Sandblast (safe; 1% risk of failure)
Press: ? - help, Q - select action, (/) - cycle Shift-Dir - straight line, f/p - Ijyb
Aim: Ijyb, wielding a +1 dagger of venom, wearing a +0 chain mail and carrying a wand of acid (10) (lightly wounded, poisoned, 19% to evade)
The blast of sand hits Ijyb but does no damage. 😨 MP[-1]
You lost 1 mp, and now have 6/8 mp.
Aiming: Sandblast (safe; 1% risk of failure)
Press: ? - help, Q - select action, (/) - cycle Shift-Dir - straight line, f/p - Ijyb
Aim: Ijyb, wielding a +1 dagger of venom, wearing a +0 chain mail and carrying a wand of acid (10) (poisoned, 19% to evade)
The blast of sand misses Ijyb. 😨 HP[+1] MP[-1]
You lost 1 mp, and now have 5/8 mp.
Aiming: Sandblast (safe; 1% risk of failure)
Press: ? - help, Q - select action, (/) - cycle Shift-Dir - straight line, f/p - Ijyb
Aim: Ijyb, wielding a +1 dagger of venom, wearing a +0 chain mail and carrying a wand of acid (10) (poisoned, 19% to evade)
The blast of sand misses Ijyb.
Ijyb looks more healthy.
Ijyb zaps a wand.
The bolt of acid hits you!
You die...

Skill      XL: |  1  2  3  4 |
---------------+-------------+-----
Earth Magic    | 4 5 6 |  6.4
Conjurations   | 1 2 |  2.7
Dodging        | |  1.5
Stealth        | |  2.1
Spellcasting   | |  2.6
Transmutations | |  0.7

Action                   |  1- 3 |  4- 6 || total
-------------------------+-------+-------++-------
Melee: Unarmed           |    13 |       ||    13
       Mace              |    85 |     7 ||    92
       Dagger            |       |    69 ||    69
Throw: Dart              |       |    35 ||    35
 Cast: Sandblast         |    28 |    35 ||    63
 Stab: Sleeping          |     2 |       ||     2
       Distracted        |     1 |       ||     1
Armor: Robe              |    41 |    28 ||    69
Dodge: Dodged            |    62 |    49 ||   111

Levels and vault maps discovered:
D:1:      amcnicky_arrival_flooded_fountain, layout_loops_ring, serial_forest,
          infiniplex_forest_end_3, infiniplex_forest_lined_ring,
          infiniplex_forest_clump_C, infiniplex_forest_lined_room_3,
          infiniplex_forest_lined_1, infiniplex_forest_straight_2,
          infiniplex_forest_end_2, infiniplex_forest_clump_curved,
          infiniplex_forest_diagonal
D:2:      layout_basic, grunt_gozag_statues, kennysheep_generic_room_4
D:3:      layout_loops_ring, st_stairs_14, serial_bayou_pond_e,
          chequers_hall_statues_corner_a, uniq_ijyb, uniq_crazy_yiuf_cottage

Notes
Turn   | Place    | Note
-------+----------+-------------------------------------------
     0 | D:1      | phalm the Gargoyle Earth Elementalist began the quest for
                  | the Orb.
     0 | D:1      | Reached XP level 1. HP: 10/10 MP: 3/3
     0 | D:1      | magus.rc [v1.9.10]
   145 | D:1      | Reached skill level 4 in Earth Magic
   195 | D:1      | Reached XP level 2. HP: 15/15 MP: 3/5
   886 | D:1      | Reached skill level 5 in Earth Magic
   886 | D:1      | Reached XP level 3. HP: 19/19 MP: 6/6
  1753 | D:2      | Found an opulent altar of Gozag.
  1885 | D:2      | Learned a level 3 spell: Stone Arrow
  2195 | D:3      | Reached skill level 1 in Conjurations
  2195 | D:3      | Reached XP level 4. HP: 24/24 MP: 4/7
  2528 | D:2      | HP: 5/24 [orc/+0 falchion (2)]
  2803 | D:3      | Reached skill level 2 in Conjurations
  2803 | D:3      | Reached skill level 6 in Earth Magic
  2803 | D:3      | Reached XP level 5. HP: 28/28 MP: 4/8
  3351 | D:3      | Noticed Ijyb
  3537 | D:3      | Found a runed translucent door.
  3538 | D:3      | Noticed Crazy Yiuf
  3742 | D:3      | Learned a level 5 spell: Lee's Rapid Deconstruction
  3801 | D:3      | Killed from afar by Ijyb

Vanquished Creatures
  2 orc priests
  An orc wizard (D:3)
  4 adders
  An ooze (D:2)
  A worm (D:2)
  3 dart slugs
  4 leopard geckos
  4 orcs
  2 bats (D:3)
  4 giant cockroaches
  5 goblins
  7 hobgoblins
  12 jackals
  A quokka (D:3)
  2 ball pythons
  5 frilled lizards
  6 kobolds
  8 rats
72 creatures vanquished.

Vanquished Creatures (others)
  8 plants
8 creatures vanquished.

Grand Total: 80 creatures vanquished

Table legend:
 A = Non-vault XP
 B = Vault XP
 C = Vault XP percentage of total XP
 D = Non-vault monster count
 E = Vault monster count
 F = Vault count percentage of total count
                 A         B        C        D         E       F
            +---------+---------+-------+---------+---------+-------
      Total |     299 |       7 |   2.3 |      69 |       3 |   4.2
            +---------+---------+-------+---------+---------+-------
        D:1 |      39 |       0 |   0.0 |      24 |       0 |   0.0
        D:2 |      86 |       3 |   3.4 |      14 |       2 |  12.5
        D:3 |     174 |       4 |   2.2 |      31 |       1 |   3.1
            +---------+---------+-------+---------+---------+-------

Illustrated notes

Table legend:
 A = Kills in this place as a percentage of kills in entire the game.
 B = Kills by you in this place as a percentage of kills by you in the entire game.
 C = Kills by friends in this place as a percentage of kills by friends in the entire game.
 D = Other kills in this place as a percentage of other kills in the entire game.
 E = Experience gained in this place as a percentage of experience gained in the entire game.
 F = Experience gained in this place divided by the number of levels of this place that you have seen.
                   A       B       C       D       E      F
               +-------+-------+-------+-------+-------+----------------------
         Total | 100.0 | 100.0 |   N/A |   N/A | 100.0 | 102.0
       Dungeon | 100.0 | 100.0 |   N/A |   N/A | 100.0 | 102.0
               +-------+-------+-------+-------+-------+----------------------

Table legend: (Time is in decaauts)
 A = Elapsed time spent in this place.
 B = Non-inter-level travel time spent in this place.
 C = Inter-level travel time spent in this place.
 D = Time resting spent in this place.
 E = Time spent auto-exploring this place.
 F = Levels seen in this place.
 G = Mean time per level.
                   A        B        C        D        E       F      G
               +--------+--------+--------+--------+--------+-----+--------+
         Total |   3819 |   3671 |    148 |    123 |   2970 |   3 | 1273.0 |
       Dungeon |   3819 |   3671 |    148 |    123 |   2970 |   3 | 1273.0 |
               +--------+--------+--------+--------+--------+-----+--------+

Top non-repeatable levels by time:
     D:1: 1496 daAuts
     D:2: 1264 daAuts
     D:3: 1058 daAuts
